 Dungeon Crawl Stone Soup version 0.29.1-4-g47bece8355 (webtiles) character file.

Game seed: 15076531838404923727

6 ChadusMaximus the Caller (level 1, -1/10 HPs)
             Began as a Deep Elf Summoner on Dec 4, 2022.
             Frozen to death by an endoplasm (4 damage)
             ... on level 1 of the Dungeon.
             The game lasted 00:00:51 (692 turns).

ChadusMaximus the Caller (Deep Elf Summoner)         Turns: 692, Time: 00:00:51

Health: -1/10      AC:  2    Str:  5    XL:     1   Next: 75%
Magic:  5/6        EV: 12    Int: 19    God:
Gold:   2          SH:  0    Dex: 15    Spells: 5/6 levels left

rFire   . . .      SeeInvis .   h - +0 spear
rCold   . . .      Faith    .   (no shield)
rNeg    . . .      Spirit   .   a - +0 robe
rPois   .          Reflect  .   (no helmet)
rElec   .          Harm     .   (no cloak)
rCorr   .          Rampage  .   (no gloves)
Will    .....                   (no boots)
Stlth   ++........              c - amulet of the acrobat
HPRegen 0.03/turn               (no ring)
MPRegen 0.10/turn               (no ring)

@: no status effects
A: no striking features
a: no special abilities


You were on level 1 of the Dungeon.
You visited 1 branch of the dungeon, and saw 1 of its levels.

You collected 2 gold pieces.

Inventory:

Hand Weapons
 h - a +0 spear (weapon)
Armour
 a - a +0 robe (worn)
Jewellery
 c - an amulet of the acrobat (around neck)
Scrolls
 d - a scroll of silence {unknown}
 e - a scroll of amnesia {unknown}
 g - a scroll of brand weapon {unknown}
Potions
 b - a potion of magic
 f - a potion of flight {unknown}
 i - a potion of lignification {unknown}


   Skills:
 - Level 2.5 Dodging
 - Level 2.6 Stealth
 + Level 3.2 Spellcasting
 * Level 4.5 Summonings


You had 5 spell levels left.
You knew the following spells:

 Your Spells              Type           Power      Damage    Failure   Level
a - Summon Small Mammal   Summ           80%        N/A       2%          1

Your spell library contained the following spells:

 Spells                   Type           Power      Damage    Failure   Level
 Call Imp                 Summ           20%        N/A       3%          2
 Call Canine Familiar     Summ           20%        N/A       7%          3
 Summon Guardian Golem    Hex/Summ       11%        N/A       19%         3
 Summon Lightning Spire   Summ/Air       11%        N/A       52%         4


Dungeon Overview and Level Annotations

Branches:
Dungeon (1/15)

Altars:


Message History

Casting: Summon Small Mammal (safe; 2% risk of failure)
Confirm with . or Enter, or press ? or * to list all spells.
Casting: Summon Small Mammal (safe; 2% risk of failure)
Confirm with . or Enter, or press ? or * to list all spells.
You hit the rat.
The rat is heavily wounded.
The rat bites you.
You hit the rat.
You kill the rat!
No target in view!
No target in view!
Your quokka disappears in a puff of smoke!
Your quokka disappears in a puff of smoke!
You see here a rat corpse.
i - a metallic grey potion No target in view!
You now have 2 gold pieces.
Found a stone staircase leading down.
No target in view!
There is a stone staircase leading down here.
An endoplasm comes into view.
Found 12 gold pieces.
The endoplasm quivers.
A frilled lizard comes into view.
There are monsters nearby!
You hit the endoplasm.
The endoplasm is severely wounded.
The endoplasm freezes you.
You are frozen.
You hit the endoplasm but do no damage.
The endoplasm is severely wounded.
The endoplasm freezes you.
You are frozen.
* * * LOW HITPOINT WARNING * * *
Casting: Summon Small Mammal (safe; 2% risk of failure)
Confirm with . or Enter, or press ? or * to list all spells.
The frilled lizard hisses angrily.
The endoplasm freezes you.
You are frozen.
You die...

#............
#......######.#####. #......#
#.#####. #......# #.......
#......# #..####. #......#
#..####. ####..r...# #..#..รท.
#.....Jl..# ####.##. .$.####@##
#####.##. #.........# #.....##.
. #.#.####..# #.....##. .##.#.#
#..### #.....##. ...#.####....#
#####.##.
######.#......##.#########.###
####...........#.....##.......#
.(.#.####....#.####..##.#######
.#.#...............#.##.#


You could see an endoplasm (ally target), a frilled lizard and a friendly rat
(summoned).

Vanquished Creatures
  A rat (D:1)
1 creature vanquished.

Vanquished Creatures (collateral kills)
  3 hobgoblins (D:1)
  A frilled lizard (D:1)
  A kobold (D:1)
5 creatures vanquished.

Grand Total: 6 creatures vanquished

Notes
Turn   | Place    | Note
-------+----------+-------------------------------------------
     0 | D:1      | ChadusMaximus the Deep Elf Summoner began the quest for the
                  | Orb.
     0 | D:1      | Reached XP level 1. HP: 10/10 MP: 6/6
   692 | D:1      | Frozen to death by an endoplasm

Illustrated notes

Levels and vault maps discovered:
D:1:      dpeg_arrival_chambers_temple_mockup, layout_basic

Action                   || total
-------------------------++-------
Melee: Spear             ||     4
 Cast: Summon Small Mamm ||    14
Armor: Robe              ||     2
Dodge: Dodged            ||     8
